 Dungeon Crawl Stone Soup version 0.31-a0-257-gf185e81a89 (webtiles) character file.

Game seed: 15744887477893045597

89 qw the Shooter (level 4, 0/26 HPs)
             Began as a Gargoyle Hexslinger on July 12, 2023.
             Slain by a water moccasin (2 damage)
             ... on level 3 of the Dungeon.
             The game lasted 00:00:38 (1124 turns).

qw the Shooter (Gargoyle Hexslinger)                Turns: 1124, Time: 00:00:39

Health: 0/26       AC:  8    Str: 12    XL:     4   Next: 55%
Magic:  5/5        EV: 10    Int: 13    God:
Gold:   67         SH:  0    Dex: 14    Spells: 4/5 levels left

rFire   . . .        Y - +1 sling
rCold   . . .        (no shield)
rNeg    + . .        h - +0 ring mail
rPois   inf          (no helmet)
rElec   +            (no cloak)
rCorr   .            (no gloves)
SInv    .            (no boots)
Will    .....        (no amulet)
Stlth   +            (no ring)
HPRegen 0.24/turn    (no ring)
MPRegen 0.09/turn

%: no passive effects
@: about to teleport
A: sickness immunity, AC +3, negative energy resistance 1, electricity
resistance, torment resistance 1, petrification resistance
a: no special abilities


You were on level 3 of the Dungeon.
You visited 1 branch of the dungeon, and saw 3 of its levels.

You collected 67 gold pieces.


Innate Abilities, Weirdness & Mutations

You are immune to sickness and miasma.
Your stone body is resilient. (AC +3)
You are immune to poison.
You resist negative energy. (rN+)
You are resistant to electric shocks. (rElec)
You are resistant to unholy torment.
You are immune to petrification.


   Skills:
 - Level 2.0 Fighting
 + Level 4.1 Ranged Weapons
 - Level 1.1 Armour
 - Level 1.5 Dodging
 - Level 1.0 Spellcasting
 - Level 2.6 Hexes


You had 4 spell levels left.
You knew the following spells:

 Your Spells              Type           Power      Damage    Failure   Level
a - Slow                  Hex            28%        N/A       22%         1

Your spell library contained the following spells:

 Spells                   Type           Power      Damage    Failure   Level
 Inner Flame              Hex/Fire       4%         N/A       73%         3
 Portal Projectile        Hex/Tloc       8%         N/A       73%         3
 Cause Fear               Hex            3%         N/A       91%         4

Inventory:

Hand Weapons
 Y - a +1 sling (weapon)
Armour
 h - a +0 ring mail (worn)
Scrolls
 a - a scroll of identify
Potions
 b - a potion of berserk rage {unknown}
 c - a potion of heal wounds {unknown}
 i - a potion of curing

Dungeon Overview and Level Annotations

Branches:
Dungeon (3/15)

Altars:

Annotations:
D:3 Natasha


Message History

1114 ||| FLEEEEING.
1115 ||| FLEEEEING.
1116 ||| FLEEEEING.
You shoot a sling bullet. The sling bullet misses Natasha.
The sling bullet barely misses the hobgoblin.
A water moccasin comes into view.
You shoot a sling bullet. The sling bullet barely misses Natasha.
The water moccasin hisses angrily.
An endoplasm comes into view.
You shoot a sling bullet. The sling bullet hits Natasha.
Natasha is severely wounded.
Natasha closely misses you.
You shoot a sling bullet. The sling bullet hits Natasha.
Natasha is severely wounded.
Natasha casts a spell at you. You resist with some effort.
The hobgoblin barely misses you. Natasha claws you but does no damage.
You shoot a sling bullet. The sling bullet barely misses Natasha.
The hobgoblin misses you. The water moccasin barely misses you.
Natasha mewls in sadness.
Natasha closely misses you. The hobgoblin closely misses you.
The water moccasin closely misses you.
You shoot a sling bullet. The sling bullet hits Natasha.
Natasha is severely wounded.
The water moccasin completely misses you.
Natasha casts a spell at you. The magic dart hits you.
The hobgoblin closely misses you.
You shoot a sling bullet. The sling bullet barely misses Natasha.
The water moccasin completely misses you.
Natasha claws you but does no damage. The hobgoblin hits you.
The water moccasin bites you!
Natasha stares at you and mumbles some strange words.
The magic dart hits you.
1124 ||| READING scroll of teleportation.
As you read the scroll of teleportation, it crumbles to dust.
You feel strangely unstable.
The water moccasin bites you but does no damage.
The hobgoblin hits you but does no damage.
The water moccasin bites you.
You die...

... ....# [##### ...
#...##......#.... ..#
#.....#.).#.#..... ..#
#...#.............. . #..
#...##%............
..##.####...............>..
..........%................
#.......%#....Jg.........
###..%.###......@h......###
....##.#.......S.#.........
.........###...............
....###.## #.....###.......
##.## #..# #.....# ....?..
##.## ##.#.......# .......
....## ...##..### .......
.....###.......# .......
....<.......... .......


You could see a water moccasin, Natasha, an endoplasm and a hobgoblin.

Vanquished Creatures
  4 adders
  2 dart slugs
  4 ball pythons
  8 endoplasms
  3 giant cockroaches (D:1)
  3 goblins
  7 hobgoblins
  A quokka (D:1)
  3 bats (D:1)
  2 frilled lizards
  3 kobolds
  5 rats
45 creatures vanquished.

Notes
Turn   | Place    | Note
-------+----------+-------------------------------------------
     0 | D:1      | qw the Gargoyle Hexslinger began the quest for the Orb.
     0 | D:1      | Reached XP level 1. HP: 12/12 MP: 2/2
     0 | D:1      | 0 ||| qw: Version: 0.3-a-52-g30416fa
     0 | D:1      | 0 ||| qw: Game counter: 6782
     0 | D:1      | 0 ||| qw: Melee chars always use a shield: true
     0 | D:1      | 0 ||| qw: God list: Okawaru
     0 | D:1      | 0 ||| qw: Allow faded altars: false
     0 | D:1      | 0 ||| qw: Do Orc after clearing Dungeon:15 true
     0 | D:1      | 0 ||| qw: Do second Lair branch before Depths: true
     0 | D:1      | 0 ||| qw: Lair rune preference: random
     0 | D:1      | 0 ||| qw: Goals: Normal
     0 | D:1      | 0 ||| PLANNING D:1-11
    32 | D:1      | Reached XP level 2. HP: 16/16 MP: 3/3
   102 | D:1      | Reached skill level 3 in Ranged Weapons
   243 | D:1      | Reached XP level 3. HP: 20/21 MP: 4/4
   477 | D:1      | 477 ||| UPGRADING to +0 leather armour.
   487 | D:1      | 487 ||| DROPPING +0 robe.
   488 | D:1      | 488 ||| READING scroll labelled MEYNGY HYPNIZO.
   489 | D:1      | 489 ||| READING scroll labelled AZYOT ZOKHUME.
   493 | D:1      | 493 ||| DROPPING scroll of poison.
   925 | D:2      | 925 ||| UPGRADING to +0 ring mail.
   935 | D:2      | 935 ||| DROPPING +0 leather armour.
   936 | D:2      | 936 ||| READING scroll labelled ATUXOZUBBO.
   937 | D:2      | 937 ||| READING scroll labelled PACOBE ONUBO.
   938 | D:2      | 938 ||| READING scroll labelled RYEM NOUTE.
   939 | D:2      | 939 ||| READING scroll labelled YDOOHOUNISM.
   940 | D:2      | 940 ||| DRINKING 2 smoky yellow potions.
   984 | D:3      | Reached XP level 4. HP: 26/26 MP: 5/5
   995 | D:3      | Reached skill level 4 in Ranged Weapons
  1075 | D:3      | Reached skill level 1 in Armour
  1111 | D:3      | Noticed Natasha
  1114 | D:3      | 1114 ||| FLEEEEING.
  1115 | D:3      | 1115 ||| FLEEEEING.
  1116 | D:3      | 1116 ||| FLEEEEING.
  1117 | D:3      | Noticed a water moccasin
  1123 | D:3      | HP: 6/26 [water moccasin (8)]
  1123 | D:3      | HP: 2/26 [Natasha/magic dart (4)]
  1124 | D:3      | 1124 ||| READING scroll of teleportation.
  1124 | D:3      | Slain by a water moccasin

Levels and vault maps discovered:
D:1:      minmay_arrival_five_plusses, layout_basic
D:2:      layout_rooms
D:3:      layout_rooms, grunt_temple_overflow_open,
          chequers_serial_rivers_room_b, uniq_natasha

Skill      XL: |  1  2  3  4 |
---------------+-------------+-----
Ranged Weapons | 3 4 |  4.1
Fighting       | 2 |  2.0
Armour         | 1 |  1.1
Dodging        | |  1.5
Spellcasting   | |  1.0
Hexes          | |  2.6

Action                     |  1- 3 |  4- 6 || total
---------------------------+-------+-------++-------
   Fire: Sling             |   110 |    43 ||   153
    Use: Scroll            |     6 |     1 ||     7
         Potion            |     1 |       ||     1
 Armour: Robe              |     9 |       ||     9
         Leather armour    |     4 |       ||     4
         Ring mail         |       |    28 ||    28
  Dodge: Dodged            |    20 |    24 ||    44

Table legend:
 A = Non-vault XP
 B = Vault XP
 C = Vault XP percentage of total XP
 D = Non-vault monster count
 E = Vault monster count
 F = Vault count percentage of total count
                 A         B        C        D         E       F
            +---------+---------+-------+---------+---------+-------
      Total |     128 |       0 |   0.0 |      45 |       0 |   0.0
            +---------+---------+-------+---------+---------+-------
        D:1 |      42 |       0 |   0.0 |      23 |       0 |   0.0
        D:2 |      34 |       0 |   0.0 |      13 |       0 |   0.0
        D:3 |      52 |       0 |   0.0 |       9 |       0 |   0.0
            +---------+---------+-------+---------+---------+-------
